 Dungeon Crawl Stone Soup version 0.28.0-1-gb440e238dd (webtiles) character file.

Game seed: 17050529642365087443

835 cbfl8 the Chopper (level 7, -10/93 HPs)
             Began as a Minotaur Berserker on Feb 20, 2022.
             Was a Priest of Trog.
             Mangled by Menkaure (12 damage)
             ... on level 6 of the Dungeon.
             The game lasted 00:12:14 (5274 turns).

cbfl8 the Chopper (Minotaur Berserker)              Turns: 5274, Time: 00:12:14

Health: -10/93     AC: 23    Str: 23    XL:     7   Next: 66%
Magic:  6/6        EV:  2    Int:  4    God:    Trog [***...]
Gold:   234        SH:  0    Dex: 10    Spells: 6/6 levels left

rFire   . . .      SeeInvis .   q - +0 war axe
rCold   . . .      Faith    .   (no shield)
rNeg    . . .      Spirit   .   (armour currently unavailable)
rPois   +          Reflect  .   (helmet currently unavailable)
rElec   .          Harm     .   (cloak currently unavailable)
rCorr   .          Rampage  .   (gloves currently unavailable)
Will    ++...      NoTele   +   (boots currently unavailable)
Stlth   +.........              (no amulet)
HPRegen 1.25/turn               c - +4 ring of evasion
MPRegen 0.10/turn               (no ring)

@: tree-form, strong-willed, regenerating
A: stationary, stasis, torment immunity, boosted hp, (horns 2), (retaliatory
headbutt)
a: Renounce Religion, Berserk, Trog's Hand


You were on level 6 of the Dungeon.
You worshipped Trog.
Trog was most pleased with you.
You were a tree.
You visited 1 branch of the dungeon, and saw 6 of its levels.
You also visited: Sewer.

You collected 234 gold pieces.

Inventory:

Hand Weapons
 a - a +0 hand axe
 q - a +0 war axe (weapon)
Armour
 b - a +0 animal skin
 o - a +0 pair of gloves (melded)
 p - a +0 ring mail
 u - a +0 plate armour (melded)
Magical Staves
 i - a staff of earth
Jewellery
 c - a +4 ring of evasion (left branch)
Wands
 r - a wand of mindburst (15)
Scrolls
 e - 2 scrolls of teleportation
 f - a scroll of holy word {unknown}
 g - 2 scrolls of fog
 h - a scroll of torment
 l - a scroll of summoning
 m - a scroll of blinking {unknown}
 w - a scroll of brand weapon {unknown}
Potions
 d - a potion of haste {unknown}
 j - 2 potions of heal wounds {unknown}
 k - 2 potions of brilliance {unknown}
 n - 2 potions of degeneration {unknown}
 s - a potion of cancellation {unknown}
 t - a potion of magic
 v - 2 potions of mutation {unknown}
 x - a potion of invisibility {unknown}
 z - a potion of lignification
 A - a potion of flight


   Skills:
 + Level 5.8 Fighting
 + Level 7.5 Axes
 + Level 5.1 Armour
 + Level 4.3 Dodging
 + Level 1.3 Stealth


You had 6 spell levels left.
You didn't know any spells.
Your spell library contained the following spells:

 Spells                   Type           Power      Damage    Failure   Level
 Apportation              Tloc           0%         N/A       50%         1
 Ensorcelled Hibernation  Hex/Ice        0%         N/A       65%         2
 Passwall                 Tmut/Erth      0%         N/A       65%         2
 Frozen Ramparts          Ice            0%         1d2       86%         3
 Swiftness                Air            0%         N/A       86%         3
 Ice Form                 Ice/Tmut       0%         N/A       99%         4
 Summon Ice Beast         Ice/Summ       0%         N/A       99%         4
 Alistair's Intoxication  Tmut/Pois      0%         N/A       100%        5


Dungeon Overview and Level Annotations

Branches:
Dungeon (6/15)              Sewer (visited)
 Temple: D:4-7

Altars:
Kikubaaqudgha

Annotations:
D:6 Menkaure


Innate Abilities, Weirdness & Mutations

You are a tree.
Your roots penetrate the ground, keeping you stationary.
You cannot be teleported.
You are immune to unholy pain and torment.
Your maximum health is greatly increased.
Your equipment is partially melded.
((You have a pair of horns on your head.))
((You reflexively headbutt those who attack you in melee.))


Message History

Pain shoots through your body!
Okay, then.
You bump into the rock wall.
You feel less confused.
Menkaure calls on the powers of darkness!
Your body is wracked with pain!
Menkaure points at you and mumbles some strange words.
Pain shoots through your body!
* * * LOW HITPOINT WARNING * * *
Menkaure hits you!
* * * LOW HITPOINT WARNING * * *
There is a stone staircase leading down here.
Menkaure hits you but does no damage.
You climb downwards.
You hear the hiss of flowing sand.
There is an entrance to an ossuary on this level.
Hurry and find it before the portal is buried!
Found 10 gold pieces.
There is a stone staircase leading up here.
Unknown command.
Okay, then.
It was a potion of lignification.
You turn into a tree.
Your +0 pair of gloves melds into your body.
Your +0 plate armour melds into your body.
Your roots penetrate the ground.
Menkaure hits you but does no damage.
It was a potion of flight.
Your roots keep you in place.
Menkaure hits you but does no damage. x2
It was a potion of magic.
Magic courses through your body. Menkaure hits you but does no damage.
Your skin crawls.
You feel strong-willed.
You can no longer call in reinforcements.
Menkaure hits you.
* * * LOW HITPOINT WARNING * * *
You cannot teleport because you are held in place by your roots.
You can't see any enemies this would affect, really read the scroll of torment?
Okay, then.
As you read the scroll labelled JYITYONNODGHYL, it crumbles to dust.
Wisps of shadow whirl around you...
It was a scroll of summoning.
Menkaure hits you!
You die... #..########## ..$..Zo♣Ml..# #...#######.# #

You could see Menkaure (fast, ally target), a friendly iguana (summoned), a friendly orc (summoned) and a friendly bullfrog zombie (summoned).

Vanquished Creatures
  Duvessa (D:4)
  A hornet zombie (D:5)
  The ghost of sirJeffrey23 the Ducker, an amateur DsMo (D:3)
  A scorpion (D:5)
  Dowan (D:4)
  A water moccasin skeleton (D:5)
  A howler monkey (D:5)
  2 bullfrog skeletons (D:5)
  An orc wizard (D:5)
  A killer bee zombie (D:5)
  A howler monkey zombie (D:5)
  12 adders
  An ufetubus (D:4)
  An adder zombie (D:5)
  2 worms
  11 orcs
  14 ball pythons
  5 bats
  4 endoplasms
  3 giant cockroaches
  3 goblins
  7 hobgoblins
  4 jackals
  8 quokkas
  8 frilled lizards
  23 kobolds
  25 rats
143 creatures vanquished.

Vanquished Creatures (others)
  A human (D:3)
1 creature vanquished.

Grand Total: 144 creatures vanquished

Notes
Turn   | Place    | Note
-------+----------+-------------------------------------------
     0 | D:1      | cbfl8 the Minotaur Berserker began the quest for the Orb.
     0 | D:1      | Reached XP level 1. HP: 19/19 MP: 0/0
   227 | D:1      | Reached XP level 2. HP: 18/27 MP: 1/1
   618 | D:1      | Reached skill level 4 in Axes
   999 | D:2      | Reached XP level 3. HP: 33/33 MP: 2/2
  1078 | D:2      | Found a faded altar of an unknown god.
  1494 | D:2      | Reached XP level 4. HP: 36/41 MP: 3/3
  1612 | D:2      | Reached ** piety under Trog
  1824 | D:3      | Found a large runed translucent door.
  1825 | D:3      | Found a large runed translucent door.
  1827 | D:3      | Noticed sirJeffrey23's ghost (amateur DsMo)
  1873 | D:3      | Killed sirJeffrey23's ghost
  1874 | D:3      | Reached skill level 5 in Axes
  1874 | D:3      | Reached XP level 5. HP: 31/47 MP: 4/4
  2443 | D:3      | Reached skill level 5 in Fighting
  2709 | D:3      | Found an ancient bone altar of Kikubaaqudgha.
  2715 | D:3      | Noticed a human
  2716 | D:3      | Killed a human
  3186 | D:4      | Noticed Duvessa
  3186 | D:4      | Noticed Dowan
  3197 | D:5      | Entered Level 5 of the Dungeon
  3293 | D:5      | Reached skill level 1 in Stealth
  3293 | D:5      | Reached XP level 6. HP: 56/56 MP: 5/5
  3300 | D:5      | Reached skill level 6 in Axes
  3672 | D:4      | Killed Dowan
  3675 | D:4      | Killed Duvessa
  3676 | D:4      | Reached XP level 7. HP: 28/61 MP: 6/6
  3800 | D:4      | Found a glowing drain.
  3811 | Sewer    | Entered a sewer
  4117 | Sewer    | Reached skill level 7 in Axes
  4189 | Sewer    | Reached *** piety under Trog
  5248 | D:5      | Reached skill level 5 in Armour
  5256 | D:5      | Noticed Menkaure
  5262 | D:5      | Reached **** piety under Trog
  5266 | D:5      | HP: 2/62 [Menkaure (10)]
  5273 | D:6      | HP: 1/93 [Menkaure (5)]
  5274 | D:6      | Mangled by Menkaure

Illustrated notes

Levels and vault maps discovered:
D:1:      dpeg_chamrin_arrival_tetris, layout_basic
D:2:      layout_rooms, shapermc_ecumenical_altar_petra, grunt_ministairs_4
D:3:      layout_loops_ring, tgw_kikubaaqudgha, ebering_ghost_disaster_area
D:4:      layout_gridville, gup_sewer_entry_pipe, uniq_duvessa
D:5:      layout_rooms, uniq_grinder, uniq_blork_the_orc, uniq_edmund,
          uniq_crazy_yiuf_cottage, uniq_menkaure
D:6:      layout_loops_ring, minmay_temple_entry_stoned_glass,
          nicolae_ossuary_entry_catacombs, nrook_mini_vaults,
          minmay_ogre_servants

Skill      XL: |  1  2  3  4  5  6  7 |
---------------+----------------------+-----
Fighting       | 4 5 |  5.8
Axes           | 4 5 6 7 |  7.5
Armour         | 3 4 5 |  5.1
Dodging        | 3 4 |  4.3
Stealth        | 1 |  1.3

Action                   |  1- 3 |  4- 6 |  7- 9 || total
-------------------------+-------+-------+-------++-------
Melee: Hand axe          |    77 |    45 |       ||   122
       Headbutt          |     9 |    15 |     6 ||    30
       Punch             |     2 |       |       ||     2
       War axe           |       |    42 |   107 ||   149
Invok: Berserk           |       |     4 |       ||     4
       Trog's Hand       |       |       |     1 ||     1
  Use: Scroll            |       |     3 |     1 ||     4
       Potion            |       |       |     3 ||     3
Armor: Animal skin       |    20 |     9 |       ||    29
       Ring mail         |       |    10 |    11 ||    21
       Plate armour      |       |       |    67 ||    67
       Skin              |       |       |     4 ||     4
Dodge: Dodged            |    74 |    90 |    92 ||   256
